AoeStats
← Bandolero

Hideout

508314854Analyzed
1v1 RM · 10d ago on Sep 21, 2026· 23m 23s· 2 players
Game mode
Random Map
Map size
Tiny (2 player)
Population
200
Speed
Normal
Resources
Standard
Victory
Conquest
Starting age
Dark Age
Ending age
Imperial Age
RankedLock teamsTeams togetherTeam positionsShared explorationLock speedFull tech treeHidden civsTurbo modeCheats
Victory
Defeat
🇦🇷 Hindustanis · Argentina
1341
+13
🇺🇸 Armenians · United States
1281
-13
udalov
10:53 Feudal Age
15:02 Castle Age
13:57 Double-Bit Axe
13:52 Horse Collar
14:18 Fletching
15:12 Loom
16:00 Bodkin Arrow
18:35 Town Watch
19:51 Padded Archer Armor
Bandolero
11:29 Feudal Age
12:54 Double-Bit Axe
13:15 Horse Collar
15:50 Castle Age
16:53 Bow Saw
17:51 Heavy Plow
18:42 Loom
22:37 Scale Barding Armor
23:50 Bloodlines
Connection lost

Rejoining the realm…

Still unreachable

The connection could not be restored.

Session expired

The server has moved on; the page needs a fresh start.